 Dungeon Crawl Stone Soup version 0.21.1-1-g345015f (webtiles) character file.

235 AdmiralAndromeda the Sneak (level 6, -1/34 HPs)
             Began as a Kobold Enchanter on Apr 7, 2018.
             Succumbed to an orc wizard's poison
             ... on level 3 of the Dungeon.
             The game lasted 00:18:23 (5125 turns).

AdmiralAndromeda the Sneak (Kobold Enchanter)       Turns: 5125, Time: 00:18:24

Health: -1/34      AC:  6    Str:  6    XL:     6   Next: 26%
Magic:  7/9        EV: 15    Int: 17    God:
Gold:   73         SH:  0    Dex: 16    Spells: 6/9 levels left

rFire    . . .     SeeInvis .   a - +1 dagger
rCold    . . .     Gourm    .   (shield restricted)
rNeg     . . .     Faith    .   b - +0 robe
rPois    .         Spirit   .   l - +0 helmet
rElec    .         Reflect  .   (no cloak)
rCorr    .         Harm     .   (no gloves)
MR       .....                  f - +2 pair of boots
Stlth    ++++......             (no amulet)
HPRegen  0.11/turn              (no ring)
MPRegen  0.11/turn              (no ring)

@: lethally poisoned (-1 -> -31), flying, hasted, very quick
A: small, carnivore
a: no special abilities


You were on level 3 of the Dungeon.
You were completely stuffed.

You visited 1 branch of the dungeon, and saw 3 of its levels.

You collected 73 gold pieces.

Inventory:

Hand Weapons
 a - a +1 dagger (weapon)
 t - a +0 dagger
 z - a +0 blowgun
Missiles
 g - 88 stones (quivered)
 h - 24 bolts
 p - 3 curare-tipped needles
 r - 8 poisoned needles
Armour
 b - a +0 robe (worn)
 f - a +2 pair of boots (worn)
 l - a +0 helmet (worn)
Jewellery
 e - an uncursed amulet of guardian spirit
Wands
 n - a wand of scattershot (6)
Scrolls
 j - a scroll of identify
 m - a scroll of immolation {unknown}
 q - a scroll of fear
 s - a scroll of amnesia {unknown}
Books
 c - a book of Maledictions

   Spells                             Type                      Level
   a - Corona                         Hexes                        1
   b - Ensorcelled Hibernation        Hexes/Ice                    2
   c - Confuse                        Hexes                        3
   d - Tukima's Dance                 Hexes                        3
   e - Dazzling Spray                 Conjuration/Hexes            3
Comestibles
 d - 4 rations


   Skills:
 + Level 1.5 Fighting
 * Level 5.2 Short Blades
 - Level 2.4 Dodging
 + Level 6.9 Stealth
 - Level 2.1 Spellcasting
 - Level 3.0 Hexes


You had 6 spell levels left.
You knew the following spells:

 Your Spells              Type           Power        Failure   Level  Hunger
a - Corona                Hex            ##.....      5%          1    #......
z - Ensorcelled Hibernat  Hex/Ice        #.....       16%         2    ###....


Dungeon Overview and Level Annotations

Branches:
Dungeon (3/15)

Altars:


Innate Abilities, Weirdness & Mutations

You are small and have problems with some larger weapons.
You are carnivorous and can eat meat at any time.


Message History

The orc wizard hits you but does no damage.
You are more poisoned.
It was a potion of flight.
You feel very buoyant.
You fly up into the air.
* * * LOW HITPOINT WARNING * * *
You feel sick.
You kill the orc!
The orc wizard hits you but does no damage.
You are more poisoned.
* * * LOW HITPOINT WARNING * * *
You feel sick.
You feel yourself speed up.
* * * LOW HITPOINT WARNING * * *
You feel sick.
The orc wizard hits you but does no damage.
You are more poisoned.
* * * LOW HITPOINT WARNING * * *
You feel sick.
You die...

#.. ######### #.. ........# #..
........# #.. ........# #..
........# ##### #.. ........#
###...# ###
........##############.(...######
.......()[(ooo..@....'...........
........##############.....###.##
...............#######.....# #.#
####>o................##...# #.#
#.##........######.##...# #.# ##
#.##........# #.##...# #.# .#
#.##........# #..#...# #.#
.###.########### ##.##### #.#
o....# #..# #.#


You could see an orc wizard and 2 orcs.

Vanquished Creatures
  An orc priest (D:2)
  An orc wizard (D:3)
  6 gnolls
  3 adders
  An ooze (D:2)
  4 dart slugs
  2 leopard geckos (D:3)
  8 orcs
  3 giant cockroaches
  5 goblins
  7 hobgoblins
  4 jackals (D:2)
  10 kobolds
  A quokka (D:3)
  8 bats
  4 frilled lizards
  6 rats
74 creatures vanquished.

Notes
Turn   | Place    | Note
-------+----------+-------------------------------------------
     0 | D:1      | AdmiralAndromeda the Kobold Enchanter began the quest for the Orb.
     0 | D:1      | Reached XP level 1. HP: 10/10 MP: 3/3
   592 | D:1      | Reached XP level 2. HP: 2/15 MP: 3/5
   845 | D:1      | Learned a level 2 spell: Ensorcelled Hibernation
  1104 | D:1      | Reached skill level 5 in Stealth
  1223 | D:1      | Reached XP level 3. HP: 19/19 MP: 3/6
  1759 | D:2      | Reached XP level 4. HP: 23/24 MP: 7/7
  2321 | D:2      | Reached skill level 6 in Stealth
  2382 | D:1      | Reached XP level 5. HP: 11/28 MP: 0/8
  3255 | D:3      | Reached skill level 1 in Fighting
  4521 | D:3      | Reached XP level 6. HP: 34/34 MP: 9/9
  4938 | D:3      | Reached skill level 5 in Short Blades
  5124 | D:3      | HP: 1/34 [poisoned by an orc wizard]
  5125 | D:3      | Succumbed to an orc wizard's poison

Skill      XL: |  1  2  3  4  5  6 |
---------------+-------------------+-----
Short Blades   | 2 3 4 5 |  5.2
Stealth        | 5 6 |  6.9
Fighting       | 1 |  1.5
Dodging        | |  2.4
Spellcasting   | |  2.1
Hexes          | |  3.0

Action                   |  1- 3 |  4- 6 || total
-------------------------+-------+-------++-------
Melee: Dagger            |    96 |   284 ||   380
 Fire: Blowgun           |       |    32 ||    32
Throw: Stone             |     3 |     1 ||     4
 Cast: Corona            |     1 |     4 ||     5
       Ensorcelled Hiber |     5 |    19 ||    24
  Use: Scroll            |     2 |       ||     2
       Potion            |       |     3 ||     3
 Stab: Sleeping          |    11 |    13 ||    24
  Eat: Chunk             |     9 |    15 ||    24
Armor: Robe              |    16 |    57 ||    73
Dodge: Dodged            |    54 |   192 ||   246
